 Dungeon Crawl Stone Soup version 0.29.1-2-gbd0b4ee654 (webtiles) character file.

Game seed: 791534320119503512

6 styxcanada the Sneak (level 1, 0/10 HPs)
             Began as a Spriggan Brigand on Nov 12, 2022.
             Slain by a goblin
             ... wielding a +0 club
              (4 damage)
             ... on level 1 of the Dungeon.
             The game lasted 00:00:49 (491 turns).

styxcanada the Sneak (Spriggan Brigand)              Turns: 491, Time: 00:00:49

Health: 0/10       AC:  3    Str:  7    XL:     1   Next: 75%
Magic:  2/2        EV: 16    Int: 12    God:
Gold:   26         SH:  0    Dex: 16    Spells: 0/0 levels left

rFire   . . .      SeeInvis +   a - +2 dagger
rCold   . . .      Faith    .   (no shield)
rNeg    . . .      Spirit   .   b - +0 robe
rPois   .          Reflect  .   (helmet restricted)
rElec   .          Harm     .   c - +0 cloak
rCorr   .          Rampage  .   (gloves unavailable)
Will    .....                   (boots unavailable)
Stlth   +++.......              (no amulet)
HPRegen 0.03/turn               (no ring)
MPRegen 0.08/turn               (no ring)

@: very quick
A: very small, no large weapons, unfitting armour, see invisible, speed 3
a: no special abilities


You were on level 1 of the Dungeon.
You visited 1 branch of the dungeon, and saw 1 of its levels.

You collected 26 gold pieces.

Inventory:

Hand Weapons
 a - a +2 dagger (weapon)
Missiles
 d - 9 poisoned darts (quivered)
 e - 3 curare-tipped darts
 l - 6 stones
Armour
 b - a +0 robe (worn)
 c - a +0 cloak (worn)
Scrolls
 g - a scroll of vulnerability {unknown}
 i - a scroll of enchant armour {unknown}
 j - a scroll of poison {unknown}
Potions
 f - a potion of brilliance {unknown}
 h - a potion of invisibility {unknown}
 k - a potion of curing {unknown}


   Skills:
 * Level 1.5 Fighting
 + Level 2.1 Short Blades
 + Level 2.0 Throwing
 * Level 1.5 Dodging
 * Level 6.4 Stealth


You couldn't memorise any spells.
You didn't know any spells.
Your spell library was empty.

Dungeon Overview and Level Annotations

Branches:
Dungeon (1/15)

Altars:


Innate Abilities, Weirdness & Mutations

You are very small and have problems with some larger weapons.
You are too small for most types of armour.
You have supernaturally acute eyesight. (SInv)
You cover ground extremely quickly. (Speed+++)


Message History

You hit the rat.
You kill the rat!
The bat completely misses you.
You hit the bat.
The bat is moderately wounded.
The bat hits you but does no damage. The bat barely misses you.
You hit the bat.
The bat is severely wounded.
The bat hits you. The bat hits you but does no damage.
You hit the bat.
You kill the bat!
You start resting.
HP restored.
Found 5 stones.
You see here 5 stones.
l - 5 stones You see here a +0 robe.
You enter the shallow water.
Moving in this stuff is going to be slow.
A kobold comes into view. It is wielding a +0 short sword.
The helpless kobold fails to defend itself.
You impale the kobold!!
You kill the kobold!
l - 6 stones (gained 1)
Things that are here:
a +0 short sword; a kobold corpse You now have 26 gold pieces (gained 7).
A quokka comes into view.
A goblin comes into view. It is wielding a +0 club.
The goblin shouts!
The quokka closely misses you.
You closely miss the quokka. The quokka bites you.
You hit the quokka but do no damage. The quokka bites you.
The goblin closely misses you.
You closely miss the quokka. The quokka completely misses you.
The goblin misses you.
You closely miss the quokka. The quokka bites you.
The goblin hits you with a +0 club.
You die...

># #.# #........# .#
#.# ######.### .###.#
#.# .#...# #.## ##.###
#..#
##.#############.##
..................#
...#############..#####
#### .......@.....#
.... ######rg....##
.... ........# ####
###......# #......#
######.# .# #


You could see a quokka and a goblin.

Vanquished Creatures
  A bat (D:1)
  A hobgoblin (D:1)
  A quokka (D:1)
  A kobold (D:1)
  2 rats (D:1)
6 creatures vanquished.

Notes
Turn   | Place    | Note
-------+----------+-------------------------------------------
     0 | D:1      | styxcanada the Spriggan Brigand began the quest for the
                  | Orb.
     0 | D:1      | Reached XP level 1. HP: 10/10 MP: 2/2
    34 | D:1      | Reached skill level 6 in Stealth
   491 | D:1      | Slain by a goblin

Illustrated notes

Levels and vault maps discovered:
D:1:      scummos_arrival_simple_fountains, layout_rooms,
          hellmonk_ecumenical_altar_zigzags, grunt_decor_clamped,
          chequers_serial_rivers_large_b

Skill      XL: |  1 |
---------------+----+-----
Stealth        | 6 |  6.4
Fighting       | |  1.5
Short Blades   | |  2.1
Throwing       | |  2.0
Dodging        | |  1.5

Action                   || total
-------------------------++-------
Melee: Dagger            ||    20
 Stab: Sleeping          ||     1
Armor: Robe              ||     2
Dodge: Dodged            ||    17
